[Event "ICC tourney 2175 (45 10)"]
[Site "Internet Chess Club"]
[Date "2020.12.05"]
[Round "1"]
[White "brilliantnessme"]
[Black "Enamul"]
[Result "0-1"]
[ICCResult "White checkmated"]
[WhiteElo "2008"]
[BlackElo "2478"]
[Opening "Sicilian: dragon, Yugoslav attack, Rauser variation"]
[ECO "B76"]
[NIC "SI.17"]
[Time "13:03:37"]
[TimeControl "2700+10"]

1. e4 c5 2. Nf3 d6 3. d4 cxd4 4. Nxd4 Nf6 5. Nc3 g6 6. Be3 Bg7 7. f3 Nc6 8.
Qd2 O-O 9. O-O-O d5 10. Qe1 e5 11. Nxc6 bxc6 12. exd5 Nxd5 13. Bc4 Be6 14.
Ne4 Qc7 15. Bc5 Rfd8 16. Qh4 h6 17. g4 a5 18. g5 h5 19. Qf2 Rd7 20. Bxd5
cxd5 21. Nf6+ Bxf6 22. gxf6 Rc8 23. Be7 Bf5 24. Rd2 Qc4 25. Kb1 Rb7 26. Ka1
Rxb2 27. c3 Qxa2# {White checkmated} 0-1

[Event "ICC tourney 2175 (45 10)"]
[Site "Internet Chess Club"]
[Date "2020.12.05"]
[Round "1"]
[White "Eraser007"]
[Black "BreatheChessAls"]
[Result "1/2-1/2"]
[ICCResult "Game drawn by mutual agreement"]
[WhiteElo "2191"]
[BlackElo "1923"]
[Opening "Sicilian: Nimzovich-Rossolimo attack (with ...g6, without ...d6)"]
[ECO "B31"]
[NIC "SI.31"]
[Time "13:03:40"]
[TimeControl "2700+10"]

1. e4 c5 2. Nf3 Nc6 3. Bb5 g6 4. O-O Bg7 5. Bxc6 bxc6 6. d3 d6 7. h3 e6 8.
e5 dxe5 9. Re1 Ne7 10. Nxe5 O-O 11. Nc3 Nf5 12. Na4 Bxe5 13. Rxe5 c4 14. g4
Qf6 15. Re4 Nd6 16. Rf4 Qh4 17. dxc4 e5 18. Rf3 Bxg4 19. hxg4 Qxg4+ 20. Kf1
Qxc4+ 21. Qd3 Qxa4 22. Qxd6 Rad8 23. Qf6 Rd1+ 24. Kg2 Qg4+ 25. Rg3 Qe2 26.
Qg5 e4 27. Kh2 Qxf2+ 28. Rg2 Qe1 {Game drawn by mutual agreement} 1/2-1/2

[Event "ICC tourney 2175 (45 10)"]
[Site "Internet Chess Club"]
[Date "2020.12.05"]
[Round "1"]
[White "HansNiemann"]
[Black "Drachekokosnuss"]
[Result "1-0"]
[ICCResult "Black resigns"]
[WhiteElo "2620"]
[BlackElo "2098"]
[Opening "King's Indian: Sämisch, 5...O-O"]
[ECO "E81"]
[NIC "KI.52"]
[Time "13:03:36"]
[TimeControl "2700+10"]

1. d4 Nf6 2. c4 g6 3. Nc3 Bg7 4. e4 d6 5. f3 O-O 6. Nge2 a6 7. Be3 Nbd7 8.
Ng3 c5 9. d5 b5 10. cxb5 Qb6 11. a4 a5 12. Be2 Ne5 13. h3 e6 14. f4 Ned7 15.
dxe6 fxe6 16. Bc4 Re8 17. O-O Bb7 18. Qb3 Nf8 19. Rad1 Rad8 20. e5 dxe5 21.
f5 Kh8 22. Rxd8 Rxd8 23. fxe6 Re8 24. Bg5 Ng8 25. Rf7 Nxe6 26. Rxb7 Qxb7 27.
Bxe6 Qb6 28. Bc4 Nf6 29. Nce4 Nxe4 30. Nxe4 h6 31. Be3 Bf8 32. Qd3 Rd8 33.
Qf1 Bg7 34. b3 Rf8 35. Qe2 Rc8 36. Qg4 Rc7 37. h4 Kh7 38. h5 gxh5 39. Qxh5
Qg6 40. Qxg6+ Kxg6 41. b6 Rb7 42. Bxc5 {Black resigns} 1-0

[Event "ICC tourney 2175 (45 10)"]
[Site "Internet Chess Club"]
[Date "2020.12.05"]
[Round "1"]
[White "Chessking2008"]
[Black "GGuseinov"]
[Result "0-1"]
[ICCResult "White checkmated"]
[WhiteElo "2156"]
[BlackElo "2716"]
[Opening "Old Indian defense"]
[ECO "A42"]
[NIC "OI.07"]
[Time "13:06:36"]
[TimeControl "2700+10"]

1. d4 d6 2. c4 e5 3. dxe5 dxe5 4. Qxd8+ Kxd8 5. Nc3 c6 6. Nf3 f6 7. a3 Be6
8. e4 a5 9. Be3 Nd7 10. O-O-O a4 11. Be2 Kc7 12. Nd2 Bc5 13. Nf1 Bxe3+ 14.
Nxe3 Nc5 15. g3 Nh6 16. f4 Nf7 17. Bg4 Bxg4 18. Nxg4 Rhe8 19. f5 Nd6 20. Nf2
Nxc4 21. Kb1 Red8 22. h4 Rd4 23. g4 Rad8 24. g5 Rxd1+ 25. Rxd1 Rxd1+ 26.
Ncxd1 Nd2+ 27. Kc2 Ndxe4 28. g6 h5 29. Nh1 Kd6 30. Ne3 Nb3 31. Kd3 Nec5+ 32.
Ke2 Nd4+ 33. Kd2 Ndb3+ 34. Ke2 Nc1+ 35. Kd2 N1d3 36. Ng3 Nf4 37. Kc3 b5 38.
Nd1 Ke7 39. Nf2 Nb7 40. Nfe4 Kf8 41. Kb4 Nd5# {White checkmated} 0-1

[Event "ICC tourney 2175 (45 10)"]
[Site "Internet Chess Club"]
[Date "2020.12.05"]
[Round "1"]
[White "Openyagami"]
[Black "AJM04"]
[Result "1-0"]
[ICCResult "Black resigns"]
[WhiteElo "2605"]
[BlackElo "2049"]
[Opening "English: Neo-Catalan accepted"]
[ECO "A13"]
[NIC "RE.10"]
[Time "13:04:01"]
[TimeControl "2700+10"]

1. c4 e6 2. Nf3 Nf6 3. g3 d5 4. Bg2 dxc4 5. Qa4+ c6 6. Qxc4 b5 7. Qc2 Bb7 8.
O-O Nbd7 9. d4 Rc8 10. Nc3 a6 11. Ng5 Be7 12. a3 Qb6 13. b4 Qxd4 14. Be3 Qd6
15. Nce4 Qc7 16. Nxf7 Kxf7 17. Ng5+ Kg8 18. Bh3 c5 19. Bxe6+ Kf8 20. Rad1
Qc6 21. f3 cxb4 22. Qf5 g6 23. Qh3 Bc5 24. Qh6+ Ke8 25. Bxc5 Qxc5+ 26. Kh1
Rf8 27. Nxh7 Ke7 28. Bxd7 Nxd7 29. Nxf8 Rxf8 30. Qg7+ Rf7 31. Rxd7+ Kxd7 32.
Qxf7+ Kc8 33. Qf4 Bd5 34. axb4 {Black resigns} 1-0

[Event "ICC tourney 2175 (45 10)"]
[Site "Internet Chess Club"]
[Date "2020.12.05"]
[Round "1"]
[White "python0812"]
[Black "TjkTiger"]
[Result "0-1"]
[ICCResult "White resigns"]
[WhiteElo "2048"]
[BlackElo "2603"]
[Opening "Sicilian: Hungarian variation"]
[ECO "B27"]
[NIC "SI.43"]
[Time "13:04:33"]
[TimeControl "2700+10"]

1. e4 c5 2. Nf3 g6 3. d4 cxd4 4. Nxd4 Bg7 5. c3 Nc6 6. Be3 Nf6 7. Nd2 O-O 8.
Be2 d5 9. Bf3 Ne5 10. exd5 Nxd5 11. Bxd5 Qxd5 12. f3 Nd3+ 13. Ke2 e5 14. Qb3
Qxb3 15. N4xb3 Nxb2 16. Nc5 e4 17. Ndxe4 b6 18. Rab1 Nc4 19. Na4 Re8 20. Bd4
f5 21. Bxg7 Kxg7 22. Kd3 Ne5+ 23. Kd4 fxe4 {White resigns} 0-1

[Event "ICC tourney 2175 (45 10)"]
[Site "Internet Chess Club"]
[Date "2020.12.05"]
[Round "1"]
[White "KRASAVCHIK"]
[Black "ChicagoExpert"]
[Result "1-0"]
[ICCResult "Black resigns"]
[WhiteElo "2640"]
[BlackElo "2143"]
[Opening "Sicilian: Najdorf, Zagreb (fianchetto) variation"]
[ECO "B91"]
[NIC "SI.14"]
[Time "13:03:48"]
[TimeControl "2700+10"]

1. e4 c5 2. Nc3 a6 3. Nf3 d6 4. d4 cxd4 5. Nxd4 Nf6 6. g3 g6 7. Bg2 Bg7 8.
O-O O-O 9. h3 Bd7 10. Re1 Nc6 11. Nb3 Rc8 12. Nd5 Re8 13. Be3 Nxd5 14. exd5
Ne5 15. Bd4 Nc4 16. Bxg7 Kxg7 17. Nc1 b5 18. Qd4+ Kg8 19. Nd3 Qb6 20. Qh4
Ne5 21. Nxe5 dxe5 22. c3 Rc4 23. Qh6 b4 24. Bf1 Rc5 25. c4 Qd6 26. Re4 e6
27. Rh4 exd5 28. Qxh7+ Kf8 29. Qh6+ Ke7 30. cxd5 Qxd5 31. Qg5+ Kd6 32. Bg2
Qe6 33. Rxb4 Bc6 34. Rb6 e4 35. Rd1+ Rd5 36. Rxd5+ Qxd5 37. Qf6+ Re6 38.
Qxf7 Qxa2 39. Qf8+ Kc7 40. Rb8 Bb7 41. Qd8+ Kc6 42. Qd4 Kc7 43. Rh8 Re7 44.
Qd8+ {Black resigns} 1-0

[Event "ICC tourney 2175 (45 10)"]
[Site "Internet Chess Club"]
[Date "2020.12.05"]
[Round "1"]
[White "StayCalm"]
[Black "IshanVannadil"]
[Result "1/2-1/2"]
[ICCResult "Game drawn by mutual agreement"]
[WhiteElo "2154"]
[BlackElo "1863"]
[Opening "Nimzo-Indian: 4.e3"]
[ECO "E40"]
[NIC "NI.17"]
[Time "13:04:33"]
[TimeControl "2700+10"]

1. d4 Nf6 2. c4 e6 3. Nc3 Bb4 4. e3 Bxc3+ 5. bxc3 d5 6. cxd5 Nxd5 7. c4 Nf6
8. Nf3 Nbd7 9. Bd3 O-O 10. O-O b6 11. e4 e5 12. dxe5 Nc5 13. exf6 Qxd3 14.
fxg7 Re8 15. Bb2 Bb7 16. Qxd3 Nxd3 17. Bc3 Bxe4 18. Nd4 c5 19. Nb5 Nf4 20.
Rfe1 Bc6 21. Nc7 Rxe1+ 22. Rxe1 Rc8 23. Nb5 Bxb5 24. cxb5 Ne6 25. Re3 Nd4
26. a4 Kxg7 27. Rd3 Kf6 28. f4 Kf5 29. Bxd4 Ke4 30. Rd1 cxd4 31. Kf2 Rc2+
32. Kg3 d3 33. Re1+ Re2 {Game drawn by mutual agreement} 1/2-1/2

[Event "ICC tourney 2175 (45 10)"]
[Site "Internet Chess Club"]
[Date "2020.12.05"]
[Round "1"]
[White "javasri"]
[Black "IndianTerritory"]
[Result "0-1"]
[ICCResult "White checkmated"]
[WhiteElo "1901"]
[BlackElo "2188"]
[Opening "Caro-Kann: Panov-Botvinnik attack"]
[ECO "B13"]
[NIC "CK.03"]
[Time "13:03:43"]
[TimeControl "2700+10"]

1. e4 c6 2. d4 d5 3. exd5 cxd5 4. c4 Nf6 5. Nc3 Nc6 6. Nf3 Bg4 7. cxd5 Nxd5
8. Bc4 e6 9. Nxd5 exd5 10. Be2 Bb4+ 11. Bd2 Bxd2+ 12. Qxd2 O-O 13. O-O Qf6
14. Rfd1 Rae8 15. h3 Bxf3 16. Bxf3 Nxd4 17. Bxd5 Ne2+ 18. Kf1 Ng3+ 19. Kg1
Re2 20. Qc3 Qxf2+ 21. Kh2 Re3 22. Rd2 Ne2 23. Qc7 Rxh3+ 24. Kxh3 Qe3+ 25. g3
Qh6+ 26. Kg4 Qxd2 27. Qd6 Qd4+ 28. Kh3 Ng1+ 29. Kg2 Qxb2+ 30. Kxg1 Qxa1+ 31.
Kg2 Qb2+ 32. Kh3 b6 33. Bb3 Qf6 34. Qd7 a5 35. Bd5 h5 36. Bb3 g5 37. Qd5 Rd8
38. Qe4 g4+ 39. Kh2 Rd2+ 40. Kg1 Qa1+ 41. Bd1 Qxd1+ 42. Qe1 Qxe1#
{White checkmated}
0-1

[Event "ICC tourney 2175 (45 10)"]
[Site "Internet Chess Club"]
[Date "2020.12.05"]
[Round "1"]
[White "investigator"]
[Black "Aleksandrov73"]
[Result "0-1"]
[ICCResult "White resigns"]
[WhiteElo "2104"]
[BlackElo "2631"]
[Opening "English opening"]
[ECO "A13"]
[NIC "EO.64"]
[Time "13:04:28"]
[TimeControl "2700+10"]

1. c4 e6 2. g3 d5 3. Bg2 dxc4 4. Nf3 Nd7 5. Qc2 Nb6 6. Na3 Qd5 7. e4 Qc5 8.
d4 cxd3 9. Qxc5 Bxc5 10. Nb5 Bd6 11. e5 Bb4+ 12. Bd2 Bxd2+ 13. Kxd2 Kd8 14.
Rac1 Bd7 15. Nfd4 a6 16. Bxb7 axb5 17. Bxa8 Nxa8 18. Rc5 Nb6 19. Rhc1 Ne7
20. Nxb5 Bxb5 21. Rxb5 Kd7 22. Kxd3 Ra8 23. a3 g5 24. g4 Ned5 25. h4 gxh4
26. Rh1 h3 27. Kd2 Nc4+ 28. Kc2 Nxe5 29. Rxh3 Nxg4 30. Rxh7 Ke7 31. Rb3 Ndf6
32. Rh4 Nxf2 33. Rc4 Ra7 34. a4 N2e4 35. Ra3 Nd6 36. Rb4 Nd5 37. Rd4 c5 38.
Rh4 Nf5 39. Re4 Kd6 40. a5 Nd4+ 41. Kd3 Kc6 42. Kc4 Nb5 {White resigns} 0-1

[Event "ICC tourney 2175 (45 10)"]
[Site "Internet Chess Club"]
[Date "2020.12.05"]
[Round "1"]
[White "analyst1"]
[Black "Ethan03"]
[Result "1-0"]
[ICCResult "Black checkmated"]
[WhiteElo "2458"]
[BlackElo "2002"]
[Opening "Sicilian, Szén (`anti-Taimanov') variation"]
[ECO "B44"]
[NIC "SI.39"]
[Time "13:03:43"]
[TimeControl "2700+10"]

1. e4 c5 2. Nf3 e6 3. d4 cxd4 4. Nxd4 Nc6 5. Nb5 d6 6. Bf4 e5 7. Be3 a6 8.
N5c3 Nf6 9. Bc4 Be7 10. Nd5 Nxd5 11. Bxd5 O-O 12. Na3 Bg5 13. Nc4 Bxe3 14.
Nxe3 Be6 15. c3 Ne7 16. Bxe6 fxe6 17. Qb3 Qd7 18. Rd1 b5 19. O-O Rad8 20.
Rd2 Nc8 21. Rfd1 Kh8 22. h3 Qc6 23. Qxe6 Qxe4 24. Qd5 Qf4 25. Qb7 Qa4 26. a3
a5 27. Nd5 Qc4 28. Qa6 a4 29. Qb7 h6 30. Ne3 Qc5 31. Rd5 Qb6 32. Qxb6 Nxb6
33. Rxb5 Na8 34. Nd5 Rb8 35. Rb4 Kg8 36. Ne7+ Kf7 37. Nf5 Kg6 38. g4 Nc7 39.
Rxd6+ Kg5 40. h4# {Black checkmated} 1-0

[Event "ICC tourney 2175 (45 10)"]
[Site "Internet Chess Club"]
[Date "2020.12.05"]
[Round "1"]
[White "GeorgeDai"]
[Black "Volkov"]
[Result "0-1"]
[ICCResult "White resigns"]
[WhiteElo "2059"]
[BlackElo "2608"]
[Opening "QGD Slav defense: exchange variation"]
[ECO "D10"]
[NIC "SL.01"]
[Time "13:03:41"]
[TimeControl "2700+10"]

1. d4 d5 2. c4 c6 3. cxd5 cxd5 4. Bf4 Nc6 5. e3 Nf6 6. Nc3 Bg4 7. Qb3 Na5 8.
Qa4+ Bd7 9. Qc2 Rc8 10. Bd3 b5 11. Qe2 b4 12. Nb5 a6 13. Nc7+ Rxc7 14. Bxc7
Qxc7 15. Nf3 e6 16. O-O Bd6 17. Rfc1 Qb8 18. Bxa6 O-O 19. g3 Ne4 20. Nd2 f5
21. f3 Nxd2 22. Qxd2 Qb6 23. Bf1 b3 24. a3 Nc4 25. Bxc4 dxc4 26. Rxc4 Bc6
27. f4 Qb5 28. Qd3 Be4 29. Qe2 Bb7 30. Rac1 Qd5 31. R4c3 Bxa3 32. bxa3 b2
33. Rd1 b1=Q 34. Rxb1 Qh1+ 35. Kf2 Qxb1 36. Rc7 Qh1 37. Qb5 Qxh2+ 38. Ke1
Qxg3+ 39. Kd1 Bf3+ 40. Kc1 Qe1+ 41. Kb2 {White resigns} 0-1

[Event "ICC tourney 2175 (45 10)"]
[Site "Internet Chess Club"]
[Date "2020.12.05"]
[Round "1"]
[White "annameiyappan"]
[Black "funplaychess"]
[Result "0-1"]
[ICCResult "White resigns"]
[WhiteElo "1997"]
[BlackElo "2311"]
[Opening "Sicilian"]
[ECO "B50"]
[NIC "SI.01"]
[Time "13:03:37"]
[TimeControl "2700+10"]

1. e4 c5 2. Nf3 d6 3. c3 Nf6 4. Be2 g6 5. O-O Bg7 6. Bb5+ Nbd7 7. Re1 O-O 8.
d4 a6 9. Bxd7 Nxd7 10. Bf4 b5 11. Nbd2 Bb7 12. Nf1 Qb6 13. Ng3 Rfc8 14. d5
c4 15. Qd2 Nc5 16. Bh6 Bh8 17. Nf5 Bf6 18. N5d4 Nd3 19. Re2 b4 20. Bg5 a5
21. Bxf6 exf6 22. Ne1 Nc5 23. Qf4 Nd7 24. Qg3 Kh8 25. Qh3 Qd8 26. f4 Nc5 27.
f5 Qf8 28. fxg6 fxg6 29. Ne6 Nxe6 30. Qxe6 Re8 31. Qg4 Qe7 32. Rf2 Qxe4 33.
Qxe4 Rxe4 34. Rxf6 Re2 35. Rxd6 Rxb2 36. Rd7 bxc3 37. Rc1 Re8 38. Kf1 Bc8
39. Rf7 Bf5 40. d6 Rd2 41. Re7 Rf8 42. Kg1 c2 43. d7 Kg8 44. Re8 Rd1 45.
Rxf8+ Kxf8 46. d8=Q+ Rxd8 47. Nxc2 Rd2 48. Na3 Be4 49. Rxc4 Rxg2+ 50. Kf1
Rxa2 51. Rxe4 Rxa3 52. Rf4+ Kg7 53. Kf2 Rh3 54. Kg2 Rh5 55. Rc4 Rf5 56. Rc8
Rf8 57. Rc5 Ra8 58. Rc7+ Kh6 59. Rc3 a4 60. Ra3 Kh5 61. Kf3 Kh4 62. Kf4 g5+
63. Ke4 h5 64. Ke5 Ra5+ 65. Ke4 g4 66. Kf4 Ra8 67. Ke4 Kg5 68. Ke5 h4 69.
Kd4 Kf4 70. Kc4 g3 71. Rd3 gxh2 72. Rh3 a3 {White resigns} 0-1

[Event "ICC tourney 2175 (45 10)"]
[Site "Internet Chess Club"]
[Date "2020.12.05"]
[Round "1"]
[White "Alacritous"]
[Black "mchessmaster"]
[Result "1-0"]
[ICCResult "Black resigns"]
[WhiteElo "2280"]
[BlackElo "1975"]
[Opening "Queen's gambit accepted"]
[ECO "D26"]
[NIC "QG.03"]
[Time "13:03:37"]
[TimeControl "2700+10"]

1. d4 d5 2. c4 dxc4 3. e3 Nf6 4. Bxc4 e6 5. Nf3 Be7 6. O-O O-O 7. Nc3 b6 8.
e4 Bb7 9. Qe2 a6 10. a4 c5 11. Rd1 Qc7 12. d5 exd5 13. exd5 Nbd7 14. Bg5 Bd6
15. Rac1 Rfe8 16. Qd3 h6 17. Bh4 Ng4 18. Bg3 Nde5 19. Nxe5 Nxe5 20. Bxe5
Rxe5 21. h3 Qe7 22. Kf1 Qh4 23. Re1 Qd4 24. Re4 Qxd3+ 25. Bxd3 Rae8 26. Rce1
Kf8 27. Bc4 f5 28. Rxe5 Rxe5 29. Rd1 Ke7 30. Rd3 Kf6 31. Ne2 g5 32. Rb3 Bxd5
33. Bxd5 Rxd5 34. Nc3 Rd2 35. Rxb6 Ke5 36. a5 c4 37. Na4 Rd1+ 38. Ke2 Ra1
39. Nc3 Rxa5 40. g3 Ra1 41. f4+ gxf4 42. gxf4+ Ke6 43. Rc6 Rh1 44. Rxa6 Rxh3
45. Nb5 Rh2+ 46. Kd1 Rh1+ 47. Kc2 Rh2+ 48. Kc3 Rh3+ 49. Kxc4 Ke7 50. Nxd6
Kf6 51. b4 Rf3 52. Nb5+ Kg7 53. Nd4 Rxf4 54. Kc5 Kh7 55. b5 Rf1 56. Rf6 f4
57. b6 h5 58. b7 Rb1 59. Nb5 {Black resigns} 1-0

[Event "ICC tourney 2175 (45 10)"]
[Site "Internet Chess Club"]
[Date "2020.12.05"]
[Round "1"]
[White "mhebden"]
[Black "mikoyansuren"]
[Result "1/2-1/2"]
[ICCResult "Game drawn by mutual agreement"]
[WhiteElo "2446"]
[BlackElo "2038"]
[Opening "QGA, Janowsky-Larsen variation"]
[ECO "D25"]
[NIC "QG.08"]
[Time "13:03:58"]
[TimeControl "2700+10"]

1. d4 d5 2. Nf3 Nf6 3. c4 dxc4 4. e3 Bg4 5. Nbd2 b5 6. a4 c6 7. axb5 cxb5 8.
b3 e6 9. bxc4 bxc4 10. Qa4+ Qd7 11. Ne5 Qxa4 12. Rxa4 Bd6 13. Ndxc4 Bc7 14.
Nxg4 Nxg4 15. Be2 Nf6 16. Ba3 Nd5 17. Bf3 Nc6 18. O-O f6 19. Rc1 Kd7 20. Nd2
Rhc8 21. Ne4 Bb6 22. Nc5+ Bxc5 23. Rxc5 Rab8 24. g3 Nde7 25. Rc1 Rb7 26. Kg2
Nd5 27. Bc5 Rcb8 28. Ra6 Rb1 29. Rxb1 Rxb1 30. Bxd5 exd5 31. Bxa7 Nb4 32.
Rb6 Rb2 33. g4 Nd3 34. Rxb2 Nxb2 35. Kf3 Nc4 36. Bc5 Ke6 37. Bb4 g6 38. h3
f5 39. Bf8 Nd2+ 40. Kf4 fxg4 41. hxg4 Ne4 42. Kf3 Kf6 43. Bb4 Ng5+ 44. Kg2
h5 45. gxh5 gxh5 46. f3 Kf5 47. Be7 Ne6 48. Kg3 Ng7 49. Bf8 Ne6 50. Bh6 Nc7
51. Bf4 Nb5 52. Kh4 Nxd4 {Game drawn by mutual agreement} 1/2-1/2

[Event "ICC tourney 2175 (45 10)"]
[Site "Internet Chess Club"]
[Date "2020.12.05"]
[Round "1"]
[White "Leolix"]
[Black "jy2020"]
[Result "0-1"]
[ICCResult "White forfeits on time"]
[WhiteElo "1942"]
[BlackElo "2232"]
[Opening "Queen's pawn: London system"]
[ECO "A45"]
[NIC "QP.07"]
[Time "13:03:37"]
[TimeControl "2700+10"]

1. d4 Nf6 2. Bf4 d5 3. e3 e6 4. Nf3 Bd6 5. Bg3 c5 6. c3 O-O 7. Nbd2 b6 8.
Bd3 Bb7 9. Ne5 Nc6 10. h4 Qc7 11. f4 Ne7 12. Bf2 Ne4 13. Bxe4 dxe4 14. Nec4
Rfd8 15. Nxd6 Rxd6 16. Qe2 a5 17. Rc1 Rdd8 18. Qd1 Rac8 19. O-O Ba6 20. Re1
Bd3 21. b3 Qb8 22. Nc4 cxd4 23. cxd4 Nd5 24. Qd2 f6 25. Nb2 Ba6 26. a3 Rd7
27. Nc4 Rdc7 28. Nb2 f5 29. Na4 Bb5 30. Nb2 Qb7 31. Kh2 Nf6 32. Kg1 Nd5 33.
Kh2 Rc3 34. Nc4 Bxc4 35. Rxc3 Nxc3 36. bxc4 Rxc4 37. Rc1 Qc8 38. Rc2 Nd5 39.
Rb2 Qc6 40. Qd1 b5 41. Qh5 Nf6 42. Qd1 b4 43. axb4 axb4 44. Qb3 h6 45. Be1
Nd5 46. Ra2 Kh7 47. Ra4 Rc1 48. Bxb4 Qb5 49. Qa3 Rc2 {White forfeits on
time} 0-1

[Event "ICC tourney 2175 (45 10)"]
[Site "Internet Chess Club"]
[Date "2020.12.05"]
[Round "2"]
[White "IndianTerritory"]
[Black "mhebden"]
[Result "1-0"]
[ICCResult "Black resigns"]
[WhiteElo "2195"]
[BlackElo "2426"]
[Opening "Two knights defense (Modern bishop's opening)"]
[ECO "C55"]
[NIC "IG.01"]
[Time "15:31:19"]
[TimeControl "2700+10"]

1. e4 e5 2. Nf3 Nc6 3. Bc4 Nf6 4. d3 Be7 5. c3 O-O 6. b4 a6 7. a4 d6 8. h3
Be6 9. Nbd2 d5 10. Bb3 d4 11. Bxe6 dxc3 12. Bxf7+ Rxf7 13. Nc4 Bxb4 14. O-O
Qe7 15. Qb3 Nd4 16. Nxd4 exd4 17. a5 h6 18. Rb1 c5 19. f4 Nd7 20. e5 Kh8 21.
f5 Rff8 22. e6 Nf6 23. Ne5 Qc7 24. Ng6+ Kh7 25. Nxf8+ Rxf8 26. Qa2 Qc6 27.
Rf3 Nd5 28. Rf1 Rd8 29. Qe2 Nf6 30. g4 Bxa5 31. g5 hxg5 32. Bxg5 Rf8 33. e7
Rg8 34. Rf4 g6 35. Bxf6 gxf5+ 36. Kh2 Qxf6 37. Qh5+ Qh6 38. e8=Q {Black
resigns} 1-0

[Event "ICC tourney 2175 (45 10)"]
[Site "Internet Chess Club"]
[Date "2020.12.05"]
[Round "2"]
[White "Drachekokosnuss"]
[Black "brilliantnessme"]
[Result "0-1"]
[ICCResult "White resigns"]
[WhiteElo "2080"]
[BlackElo "2030"]
[Opening "Sicilian: Najdorf, Adams attack"]
[ECO "B90"]
[NIC "SI.14"]
[Time "15:31:19"]
[TimeControl "2700+10"]

1. e4 c5 2. Nf3 d6 3. d4 cxd4 4. Nxd4 Nf6 5. Nc3 a6 6. h3 e6 7. g4 Nfd7 8.
Bg2 Be7 9. O-O Nc6 10. Nxc6 bxc6 11. f4 O-O 12. f5 a5 13. Be3 Ba6 14. Rf2
exf5 15. exf5 d5 16. Qd2 Ne5 17. b3 Bh4 18. Rf4 Re8 19. Na4 Bg5 20. Nc5 Bxf4
21. Bxf4 Qf6 22. Nxa6 Nf3+ {White resigns} 0-1

[Event "ICC tourney 2175 (45 10)"]
[Site "Internet Chess Club"]
[Date "2020.12.05"]
[Round "2"]
[White "BreatheChessAls"]
[Black "StayCalm"]
[Result "0-1"]
[ICCResult "White resigns"]
[WhiteElo "1913"]
[BlackElo "2173"]
[Opening "Queen's pawn: London system"]
[ECO "A45"]
[NIC "QP.07"]
[Time "15:31:33"]
[TimeControl "2700+10"]

1. d4 Nf6 2. Bf4 g6 3. e3 Bg7 4. Nf3 O-O 5. Be2 d6 6. O-O e6 7. h3 Qe7 8. c4
Nbd7 9. Nc3 b6 10. Bh2 a6 11. Re1 Bb7 12. Qb3 Rfe8 13. a4 Rab8 14. Qc2 e5
15. Rad1 c5 16. d5 Rf8 17. e4 Nh5 18. Bd3 Nf4 19. Bxf4 exf4 20. Ne2 Ne5 21.
Nxe5 Bxe5 22. f3 Rbe8 23. Kh1 Bc8 24. Nc3 g5 25. Kg1 h5 26. Kf1 g4 27. Ke2
gxh3 28. gxh3 Kh7 29. Kd2 Rg8 30. Kc1 Rg3 31. Rg1 Reg8 32. Rxg3 fxg3 33. Qg2
Qg5+ 34. Kb1 Kh6 35. Ne2 Qe3 36. Kc2 Bd7 37. b3 b5 38. a5 b4 39. Rf1 f5 40.
f4 fxe4 41. Bxe4 Bxh3 42. Qf3 Bd4 43. Nxd4 Qxd4 44. f5 Qc3+ 45. Qxc3 bxc3
46. Rg1 h4 47. Kxc3 Kg5 48. f6 Kxf6 49. Rh1 Ke5 50. Kd3 Bf5 51. Rxh4 g2 52.
Rh5 Rg3+ {White resigns} 0-1

[Event "ICC tourney 2175 (45 10)"]
[Site "Internet Chess Club"]
[Date "2020.12.05"]
[Round "2"]
[White "IshanVannadil"]
[Black "Chessking2008"]
[Result "1-0"]
[ICCResult "Black resigns"]
[WhiteElo "1896"]
[BlackElo "2140"]
[Opening "Sicilian: dragon, Yugoslav attack, 9...Bd7"]
[ECO "B77"]
[NIC "SI.18"]
[Time "15:31:32"]
[TimeControl "2700+10"]

1. e4 c5 2. Nf3 d6 3. d4 cxd4 4. Nxd4 Nf6 5. Nc3 g6 6. Be3 Bg7 7. f3 O-O 8.
Qd2 Nc6 9. Bc4 Bd7 10. Nxc6 bxc6 11. O-O Be6 12. Bxe6 fxe6 13. Rad1 Rb8 14.
b3 Qc7 15. a4 Rfd8 16. Qf2 a5 17. Ne2 d5 18. Nd4 Kf7 19. e5 Nd7 20. f4 c5
21. Nf3 Kg8 22. Qg3 Nf8 23. Qh3 d4 24. Bf2 Qc6 25. Rd3 Rb6 26. Nd2 Rb4 27.
Bh4 Rd7 28. g4 Qd5 29. c4 Qc6 30. Re1 Rdb7 31. Ne4 Qb6 32. Red1 Nd7 33. Bxe7
Rxb3 34. Ng5 h6 35. Rxb3 Qxb3 36. Qxb3 Rxb3 37. Nxe6 Rc3 38. Nxg7 Kxg7 39.
e6 Nf8 40. Bxc5 Nxe6 41. Bxd4+ Nxd4 42. Rxd4 Ra3 43. c5 Rc3 44. Rd5 Rc4 45.
c6 Rxc6 46. Rxa5 Rc4 47. Ra7+ Kg8 48. g5 hxg5 49. fxg5 Rg4+ 50. Kf2 Rxg5 51.
a5 Rg4 52. a6 Ra4 53. Ke3 Ra2 54. Kf4 Rxh2 55. Rb7 {Black resigns} 1-0

[Event "ICC tourney 2175 (45 10)"]
[Site "Internet Chess Club"]
[Date "2020.12.05"]
[Round "2"]
[White "Volkov"]
[Black "funplaychess"]
[Result "1-0"]
[ICCResult "Black resigns"]
[WhiteElo "2612"]
[BlackElo "2301"]
[Opening "Nimzo-Indian: Sämisch, Keres variation"]
[ECO "E25"]
[NIC "NI.30"]
[Time "15:31:48"]
[TimeControl "2700+10"]

1. d4 Nf6 2. c4 e6 3. Nc3 Bb4 4. f3 d5 5. a3 Bxc3+ 6. bxc3 c5 7. cxd5 Nxd5
8. dxc5 Qa5 9. e4 Ne7 10. Be3 O-O 11. Qb3 Qc7 12. Bb5 Nec6 13. Nh3 Na5 14.
Qb2 Na6 15. Bxa6 bxa6 16. O-O e5 17. Qf2 f6 18. Qa2+ Qf7 19. Qxf7+ Kxf7 20.
Rfb1 Nc4 21. Kf2 Bd7 22. Rb7 Ke6 23. f4 Rfb8 24. c6 Rxb7 25. cxb7 Rb8 26.
Rb1 Bc6 27. fxe5 Rxb7 28. Rxb7 Bxb7 29. exf6 gxf6 30. Nf4+ Kf7 31. Bxa7 Bxe4
32. Bc5 Ne5 33. Ke3 Bc6 34. Kd4 Ng6 35. Nd5 Ke6 36. c4 Nh4 37. Bb4 Nxg2 38.
Nc7+ Kd7 39. Nxa6 Kc8 40. Bd6 f5 41. Nb4 Ba8 42. Nd5 f4 43. Nb6+ Kb7 44.
Nxa8 Kxa8 45. Ke4 Ne3 46. c5 Nc4 47. Kxf4 Nxa3 48. Kg5 Kb7 49. Kh6 Nc4 50.
Kxh7 Kc6 51. Kg6 Nxd6 52. cxd6 Kxd6 53. h4 Ke7 54. Kg7 Ke6 55. h5 Kf5 56. h6
Ke5 57. h7 {Black resigns} 1-0

[Event "ICC tourney 2175 (45 10)"]
[Site "Internet Chess Club"]
[Date "2020.12.05"]
[Round "2"]
[White "GGuseinov"]
[Black "Alacritous"]
[Result "1-0"]
[ICCResult "Black resigns"]
[WhiteElo "2715"]
[BlackElo "2254"]
[Opening "French: Tarrasch, Eliskases variation"]
[ECO "C07"]
[NIC "FR.18"]
[Time "15:31:59"]
[TimeControl "2700+10"]

1. e4 e6 2. d4 d5 3. Nd2 c5 4. Ngf3 cxd4 5. exd5 Qxd5 6. Bc4 Qd8 7. O-O a6
8. Nb3 Nc6 9. Nbxd4 Nxd4 10. Nxd4 Qc7 11. Bd3 Bd6 12. Qh5 Ne7 13. Re1 Qc5
14. Qxc5 Bxc5 15. Be3 b6 16. Be4 Ra7 17. Rad1 Bb7 18. Bxb7 Rxb7 19. Bf4 Rd7
20. Nb3 Ng6 21. Nxc5 bxc5 22. Bd6 c4 23. Re4 f5 24. Rxc4 Kf7 25. Ra4 Ra8 26.
c4 Ne5 27. c5 Nc6 28. f4 a5 29. Re1 Rb7 30. Re2 Rb4 31. Ra3 Ra7 32. Rae3 Nd4
33. Rd2 Nc6 34. a3 Rc4 35. Rb3 a4 36. Rb6 Nd4 37. h3 Nb3 38. Rd1 Nd4 39. Kh2
Rd7 40. Rd3 h6 41. Be5 g5 42. Rb4 Nf3+ 43. Rxf3 Rc1 44. Bd6 g4 45. Rc3 Rd1
46. Rxa4 h5 47. h4 Kg6 48. b4 e5 49. fxe5 f4 50. e6 g3+ 51. Rxg3+ fxg3+ 52.
Kxg3 Rg7 53. e7 Kf5+ 54. Kh2 Rd2 55. e8=Q Rgxg2+ 56. Kh1 Rge2 57. Qxh5+ Ke4
58. b5+ Kd3 59. Qxe2+ Rxe2 60. b6 Ke3 61. b7 Kf3 62. Rf4+ Kg3 63. Re4+
{Black resigns}
1-0